 Dungeon Crawl Stone Soup version 0.31.0-11-ge490571c62 (webtiles) character file.

Game seed: 433097951407579695

30 jestert79 the Slasher (level 3, -5/28 HPs)
             Began as a Gnoll Wanderer on Jan 26, 2024.
             Slain by Terence
             ... wielding a +0 flail
              (7 damage)
             ... on level 2 of the Dungeon.
             The game lasted 00:01:50 (938 turns).

jestert79 the Slasher (Gnoll Wanderer)               Turns: 938, Time: 00:01:51

Health: -5/28      AC:  3    Str: 11    XL:     3   Next: 18%
Magic:  0/4        EV: 11    Int: 12    God:
Gold:   135        SH:  4    Dex: 12    Spells: 3/3 levels left

rFire   . . .        a - +2 spear
rCold   . . .        c - +0 buckler
rNeg    . . .        e - +0 leather armour
rPois   .            (no helmet)
rElec   .            (no cloak)
rCorr   .            (no gloves)
SInv    .            (no boots)
Will    .....        f - amulet of guardian spirit
Stlth   ++           (no ring)
HPRegen 0.24/turn    (no ring)
MPRegen 0.09/turn

%: guardian spirit
@: no status effects
A: fangs 1, strong nose, distributed training, sturdy frame 1
a: no special abilities


You were on level 2 of the Dungeon.
You visited 1 branch of the dungeon, and saw 2 of its levels.

You collected 135 gold pieces.

Inventory:

Hand Weapons
 a - a +2 spear (weapon)
 b - a +0 falchion
Armour
 c - a +0 buckler (worn)
 e - a +0 leather armour (worn)
Jewellery
 f - an amulet of guardian spirit (around neck)
Scrolls
 d - a scroll of fog
Potions
 g - a potion of berserk rage {unknown}


   Skills:
 + Level 2.6 Fighting
 + Level 0.7 Short Blades
 + Level 6.5 Long Blades
 + Level 0.7 Axes
 + Level 0.7 Maces & Flails
 + Level 4.5 Polearms
 + Level 0.7 Staves
 + Level 0.7 Ranged Weapons
 + Level 0.7 Throwing
 + Level 2.6 Armour
 + Level 0.7 Dodging
 + Level 2.3 Stealth
 + Level 2.6 Shields
 + Level 0.7 Unarmed Combat
 + Level 0.7 Spellcasting
 + Level 0.5 Conjurations
 + Level 0.5 Hexes
 + Level 0.5 Summonings
 + Level 0.5 Necromancy
 + Level 0.5 Translocations
 + Level 0.5 Fire Magic
 + Level 0.5 Ice Magic
 + Level 0.5 Air Magic
 + Level 0.5 Earth Magic
 + Level 0.5 Alchemy
 + Level 0.9 Invocations
 + Level 2.6 Evocations
 + Level 0.6 Shapeshifting


You had 3 spell levels left.
You didn't know any spells.
Your spell library was empty.

Dungeon Overview and Level Annotations

Branches:
Dungeon (2/15)

Altars:

Shops:
D:1 *

Annotations:
D:2 Terence


Innate Abilities, Weirdness & Mutations

You have very sharp teeth.
Your uncanny sense of smell can sniff out nearby items.
Your experience applies equally to all skills.
Your movements are slightly less encumbered by armour. (ER -2)


Message History

There is an open door here.
Terence the Incautious comes into view.
He is wielding a +0 flail and wearing a +4 scale mail of fire resistance.
Terence shouts!
Terence is nearby!
Terence is nearby!
Terence is nearby!
You aren't carrying any items that you can evoke.
Okay, then.
Unknown command.
You reach to attack!
You barely miss Terence.
You reach to attack!
You hit Terence but do no damage. You barely miss Terence.
Your bite misses Terence. Terence hits you with a +0 flail.
You hit Terence.
Terence is lightly wounded.
Terence barely misses you.
You hit Terence. Your bite misses Terence.
Terence is moderately wounded.
Terence says, "Rest in peace."
Terence barely misses you.
You hit Terence but do no damage. You bite Terence, but do no damage.
Terence is moderately wounded.
Terence hits you with a +0 flail!
You closely miss Terence. Your bite misses Terence.
Terence is moderately wounded.
Terence hits you with a +0 flail!
* * * LOW HITPOINT WARNING * * *
You hit Terence but do no damage.
Terence is moderately wounded.
You block Terence's attack.
You hit Terence but do no damage. You bite Terence, but do no damage.
Terence is moderately wounded.
Terence hits you with a +0 flail.
* * * LOW HITPOINT WARNING * * *
It was a potion of mutation.
You feel extremely strange.
You feel less encumbered by your armour.
Terence says, "Time to say good-bye..."
Terence hits you with a +0 flail!
You die...
Terence says, "That felt goooood."

#.#######.###### #.#
#..†...# #.. .. #.# ######.#
#.###$ #+# #.# #.... ...##
#.# #... ....## ####.# #..
.....## ##.##.# #.# # .
......####...#.#####.#.#....
......+.........@@..........
......####...#.#######.#...#
...............# .. .
....#.#######..# ..# ...##.#
#..# .# #'###.# #####..# ..
#.# #.# #......# # #.# #.#
#.###.## #.###.###.# #.#


You could see Terence.

Vanquished Creatures
  A ribbon worm (D:2)
  A bat (D:1)
  7 endoplasms
  4 goblins (D:1)
  2 hobgoblins (D:1)
  A quokka (D:1)
  3 ball pythons (D:1)
  A frilled lizard (D:1)
  2 kobolds (D:1)
  3 rats (D:1)
25 creatures vanquished.

Notes
Turn   | Place    | Note
-------+----------+-------------------------------------------
     0 | D:1      | jestert79 the Gnoll Wanderer began the quest for the Orb.
     0 | D:1      | jestert79 set off with the following items: a +2 spear, a
                  | +0 falchion, a +0 buckler, a scroll of fog, a +0 leather
                  | armour.
     0 | D:1      | Reached XP level 1. HP: 17/17 MP: 1/1
   137 | D:1      | Reached XP level 2. HP: 23/23 MP: 2/2
   169 | D:1      | Found Egyobuuch's General Store.
   651 | D:1      | Reached XP level 3. HP: 28/28 MP: 3/3
   921 | D:2      | Noticed Terence
   938 | D:2      | Gained mutation: Your movements are slightly less
                  | encumbered by armour. (ER -2) [potion of mutation]
   938 | D:2      | Slain by Terence

Illustrated notes

Levels and vault maps discovered:
D:1:      wander_arrival_estate, layout_loops_ring, serial_shops,
          nicolae_shop_waterfront, chequers_serial_rivers_micro_e
D:2:      layout_loops_corners, uniq_terence

Action                     || total
---------------------------++-------
  Melee: Spear             ||    63
         Bite              ||     5
    Use: Potion            ||     1
   Stab: Sleeping          ||     5
 Armour: Leather armour    ||    17
  Dodge: Dodged            ||     9
  Block: Buckler           ||     3
